 Dungeon Crawl Stone Soup version 0.20.1-1-g8b1a95d (webtiles) character file.

666 NoNouf the Fighter (level 7, 0/83 HPs)
             Began as an Ogre Monk on July 18, 2017.
             Was a Believer of Ashenzari.
             Slain by a bullfrog (7 damage)
             ... on level 5 of the Dungeon.
             The game lasted 00:34:38 (5450 turns).

NoNouf the Fighter (Ogre Monk)                      Turns: 5450, Time: 00:34:38

Health: 0/83       AC:  4    Str: 16    XL:     7   Next: 57%
Magic:  7/7        EV: 13    Int: 12    God:    Ashenzari [**....]
Gold:   166        SH:  0    Dex: 18    Spells: 6/6 levels left

rFire    . . .     SeeInvis .   a - +1 mace (curse)
rCold    . . .     Gourm    .   (no shield)
rNeg     . . .     Faith    .   b - +1 robe
rPois    .         Spirit   .   (helmet restricted)
rElec    .         Reflect  .   q - scarf {cloud immunity}
rCorr    .         Harm     .   (gloves unavailable)
MR       .....                  (boots unavailable)
Stlth    ++........             (no amulet)
Regen    0.3/turn               n - +6 ring of dexterity
MPRegen  0.1/turn               (no ring)

@: no status effects
A: unfitting armour, tough skin 1
a: Curse Item, Scrying, Renounce Religion


You were on level 5 of the Dungeon.
You worshipped Ashenzari.
Ashenzari was pleased with you.
You were hungry.

You visited 2 branches of the dungeon, and saw 6 of its levels.

You collected 166 gold pieces.

Inventory:

Hand Weapons
 a - a cursed +1 mace (weapon)
 p - a +0 antimagic short sword
Missiles
 d - 2 javelins (quivered)
 k - 90 stones
Armour
 b - a +1 robe (worn)
 q - a scarf of cloud immunity (worn)
Jewellery
 n - a +6 ring of dexterity (left hand)
Scrolls
 e - 2 scrolls of identify
 s - 3 scrolls of remove curse
 t - 3 scrolls of enchant armour
Potions
 f - 3 potions of brilliance {unknown}
 j - a potion of heal wounds
 m - a potion of curing {unknown}
Comestibles
 c - 3 bread rations
 h - a fruit
 i - 2 royal jellies
 l - 3 meat rations


   Skills:
 - Level 9.0 Fighting
 - Level 2.6(4.5) Maces & Flails
 - Level 2.0 Throwing
 * Level 5.0 Dodging
 - Level 1.4 Stealth


You had 6 spell levels left.
You didn't know any spells.

Dungeon Overview and Level Annotations

Branches:
Dungeon (5/15)             Temple (1/1) D:4

Altars:
Ashenzari
Cheibriados
Dithmenos
Elyvilon
Hepliaklqana
Makhleb
Okawaru
Qazlal
Trog
Uskayaw
Vehumet
Xom
Yredelemnul
Zin


Innate Abilities, Weirdness & Mutations

You are too large for most types of armour.
You have tough skin. (AC +1)


Message History

The bullfrog barely misses you. The bullfrog hits you.
* * * LOW HITPOINT WARNING * * *
Okay, then.
You sock the bullfrog!
The bullfrog is severely wounded.
The bullfrog hits you.
* * * LOW HITPOINT WARNING * * *
You hit the bullfrog but do no damage.
The bullfrog is severely wounded.
The bullfrog completely misses you. The bullfrog hits you!
* * * LOW HITPOINT WARNING * * *
You closely miss the bullfrog.
The bullfrog is severely wounded.
The bullfrog hits you.
* * * LOW HITPOINT WARNING * * *
The bullfrog closely misses you.
You hit the bullfrog.
The bullfrog is severely wounded.
The bullfrog closely misses you. The bullfrog hits you!
You die...

, , , , * , , ,
.#.. . , * ## *
..#.#.### , , ,,
.. ..#.#.#.., , ,
. ..[.....,
#####. #.....# ,
*
,......##.....###
,
................
,,
..(..(.@F.......
, ,
......##....#.. ,
########....# ,,
#.........##
#.........#
#.........#*
#.........#*
#.........#* ,
#.........# ,


You could see a bullfrog.

Vanquished Creatures
  2 ice beasts (D:5)
  An ogre (D:4)
  A scorpion (D:4)
  A hound (D:5)
  An orc priest (D:3)
  An orc wizard (D:3)
  4 worker ants (D:4)
  A hound skeleton (D:5)
  6 adders
  An adder skeleton (D:4)
  3 worms
  5 dart slugs
  A leopard gecko (D:1)
  8 orcs
  10 bats
  4 giant cockroaches
  7 goblins
  10 hobgoblins
  A jackal (D:2)
  3 quokkas
  3 ball pythons
  4 frilled lizards
  5 kobolds
  8 rats
91 creatures vanquished.

Notes
Turn   | Place    | Note
-------+----------+-------------------------------------------
     0 | D:1      | NoNouf the Ogre Monk began the quest for the Orb.
     0 | D:1      | Reached XP level 1. HP: 24/24 MP: 1/1
   210 | D:1      | Reached XP level 2. HP: 29/33 MP: 2/2
   610 | D:1      | Reached skill level 1 in Throwing
   749 | D:1      | Reached skill level 5 in Fighting
   749 | D:1      | Reached XP level 3. HP: 37/42 MP: 3/3
  1129 | D:2      | Found a snail-covered altar of Cheibriados.
  2012 | D:2      | Reached XP level 4. HP: 32/50 MP: 4/4
  2638 | D:3      | Reached skill level 6 in Fighting
  2696 | D:3      | Found a shimmering altar of Xom.
  2698 | D:3      | Found an iron altar of Okawaru.
  2698 | D:3      | Found a glowing silver altar of Zin.
  2863 | D:3      | Found a stormy altar of Qazlal.
  2936 | D:3      | Reached XP level 5. HP: 22/61 MP: 5/5
  3484 | D:3      | Reached skill level 7 in Fighting
  4200 | D:4      | Got a twisted shortbow
  4212 | D:4      | Identified the cursed +3 shortbow "Ciek Oho" {venom, Str+3} (You found it on level 4 of the Dungeon)
  4266 | D:4      | Found a staircase to the Ecumenical Temple.
  4277 | Temple   | Entered the Ecumenical Temple
  4288 | Temple   | Became a worshipper of Ashenzari the Shackled
  4288 | Temple   | Reached * piety under Ashenzari
  4288 | Temple   | Reached ** piety under Ashenzari
  4403 | D:4      | Reached XP level 6. HP: 66/71 MP: 6/6
  4409 | D:4      | Found a white marble altar of Elyvilon.
  4845 | D:4      | Reached skill level 8 in Fighting
  5179 | D:4      | Reached XP level 7. HP: 78/81 MP: 7/7
  5227 | D:5      | Entered Level 5 of the Dungeon
  5263 | D:5      | Reached skill level 9 in Fighting
  5446 | D:5      | Reached skill level 5 in Dodging
  5450 | D:5      | Slain by a bullfrog

Skill      XL: |  1  2  3  4  5  6  7 |
---------------+----------------------+-----
Throwing       | 1 2 |  2.0
Fighting       | 5 6 7 8 9 |  9.0
Dodging        | 3 4 5 |  5.0
Maces & Flails | |  2.6
Stealth        | |  1.4

Action                   |  1- 3 |  4- 6 |  7- 9 || total
-------------------------+-------+-------+-------++-------
Melee: Mace              |   129 |   165 |    23 ||   317
Throw: Stone             |    24 |   122 |     1 ||   147
       Javelin           |       |    13 |     8 ||    21
Invok: Curse Item        |       |     1 |       ||     1
  Use: Scroll            |     5 |     5 |       ||    10
       Potion            |       |     5 |       ||     5
  Eat: Chunk             |     3 |     8 |     1 ||    12
       Fruit             |       |     2 |       ||     2
Armor: Robe              |    35 |    37 |     4 ||    76
Dodge: Dodged            |    68 |    78 |    14 ||   160
